 Dungeon Crawl Stone Soup version 0.29-a0-1047-g7c58e119a4 (webtiles) character file.

Game seed: 1415138726483147576

139 lesbiats the Chopper (level 5, -1/79 HPs)
             Began as a Troll Berserker on Aug 16, 2022.
             Was a Priest of Trog.
             Slain by Ijyb
             ... wielding a +3 club
              (5 damage)
             ... on level 2 of the Dungeon.
             The game lasted 00:07:08 (1912 turns).

lesbiats the Chopper (Troll Berserker)              Turns: 1912, Time: 00:07:08

Health: -1/79      AC:  4    Str: 27    XL:     5   Next: 1%
Magic:  4/4        EV:  7    Int:  3    God:    Trog [***...]
Gold:   65         SH:  0    Dex:  9    Spells: 4/4 levels left

rFire   . . .      SeeInvis .   a - +0 hand axe
rCold   . . .      Faith    .   (no shield)
rNeg    . . .      Spirit   .   b - +0 animal skin
rPois   .          Reflect  .   (helmet restricted)
rElec   .          Harm     .   (no cloak)
rCorr   .          Rampage  .   (gloves unavailable)
Will    ++...                   (boots unavailable)
Stlth   ..........              (no amulet)
HPRegen 2.03/turn               (no ring)
MPRegen 0.09/turn               (no ring)

@: berserking, grasped by roots, strong-willed, regenerating, constricted, very
quick
A: large, unfitting armour, claws 3, regeneration 1, shaggy fur 1, tough skin 1
a: Renounce Religion, Berserk, Trog's Hand


You were on level 2 of the Dungeon.
You worshipped Trog.
Trog was most pleased with you.
You visited 1 branch of the dungeon, and saw 3 of its levels.

You collected 65 gold pieces.

Inventory:

Hand Weapons
 a - a +0 hand axe (weapon)
Missiles
 d - 23 stones (quivered)
Armour
 b - a +0 animal skin (worn)
 c - an orb of guile
Jewellery
 l - a ring of ice
Scrolls
 e - a scroll of brand weapon {unknown}
 h - 2 scrolls of teleportation {unknown}
 i - 2 scrolls of noise {unknown}
 j - a scroll of enchant weapon {unknown}
 k - a scroll of butterflies {unknown}
Potions
 f - a potion of mutation {unknown}
 g - 2 potions of curing {unknown}


   Skills:
 + Level 3.1 Fighting
 * Level 3.8 Axes
 + Level 3.1 Dodging


You had 4 spell levels left.
You didn't know any spells.
Your spell library was empty.

Dungeon Overview and Level Annotations

Branches:
Dungeon (3/15)

Altars:

Annotations:
D:2 Ijyb, Natasha


Innate Abilities, Weirdness & Mutations

You are too large for most types of armour.
You have claws for hands.
Your natural rate of healing is unusually fast.
You are covered in fur. (AC +1)
You have tough skin. (AC +1)


Message History

Ijyb hits you with a +3 club. The goblin attacks as you move away!
The goblin barely misses you. The goblin attacks as you move away!
The goblin hits you with a +0 club.
Natasha howls an incantation.
Natasha shimmers violently.
There is a stone staircase leading up here.
The goblin hits you but does no damage. Natasha claws you.
* * * LOW HITPOINT WARNING * * *
Ijyb hits you with a +3 club.
* * * LOW HITPOINT WARNING * * *
You climb upwards.
There is a stone staircase leading down here.
You see here a hobgoblin corpse.
Okay, then.
Your skin crawls.
You feel strong-willed. The goblin closely misses you. Ijyb barely misses you.
Natasha claws you.
* * * LOW HITPOINT WARNING * * *
A red film seems to cover your vision as you go berserk!
You feel yourself moving faster!
You feel mighty! The goblin hits you but does no damage.
Ijyb hits you with a +3 club!
* * * LOW HITPOINT WARNING * * *
Natasha closely misses you.
You barely miss Natasha. You hit Ijyb. You completely miss the goblin.
The goblin closely misses you. Ijyb barely misses you.
Natasha extends her claws.
Natasha completely misses you.
Unknown command.
You barely miss Natasha. You barely miss Ijyb. You hit the goblin.
The goblin misses you.
Ijyb zaps a wand.
The roots erupt in riotous growth!
The grasping roots grab you!
Natasha is unaffected.
Ijyb is unaffected.
The goblin is unaffected.
The grasping roots constrict you.
* * * LOW HITPOINT WARNING * * *
Natasha closely misses you.
You barely miss Natasha. You hit Ijyb. You hit the goblin.
You kill the goblin!
Trog accepts your kill.
You closely miss Natasha. You slash Ijyb! Ijyb hits you with a +3 club.
You die...

......#....##.<#.######<#........
......#....##.................#..
......#....##..#.#########.####..
......#....###.#.#########.####..
......#..........................
......#...#####..###.#####.#####.
......#...#####..# #.# #.# #.
......#..[......g###.### #.# #.
####'##...######@h.....# #.#####.
#.###.## #)###.#.# #.......
####.###.# #.###.#.# #######.
.........# #.#.#.#†# ### #.
########## #.#.#.#.# #.# #.
#.#.....# #.# #. #.#.#.#.# #.# #.
#.....#.# #.# #. #####.###.###.#
#.


You could see Ijyb and Natasha.

Vanquished Creatures
  Robin (D:3)
  4 gnolls (D:2)
  2 worms (D:2)
  A dart slug (D:1)
  3 endoplasms
  11 giant cockroaches
  12 goblins
  12 hobgoblins
  3 jackals (D:1)
  5 kobolds
  2 quokkas (D:1)
  3 ball pythons
  6 bats
  5 frilled lizards
  2 rats
72 creatures vanquished.

Notes
Turn   | Place    | Note
-------+----------+-------------------------------------------
     0 | D:1      | lesbiats the Troll Berserker began the quest for the Orb.
     0 | D:1      | Reached XP level 1. HP: 22/22 MP: 0/0
   199 | D:1      | Reached XP level 2. HP: 27/29 MP: 1/1
   518 | D:1      | Reached ** piety under Trog
   588 | D:1      | Reached XP level 3. HP: 33/36 MP: 2/2
  1269 | D:2      | Reached XP level 4. HP: 33/44 MP: 3/3
  1771 | D:3      | Noticed Robin
  1831 | D:2      | Reached *** piety under Trog
  1862 | D:3      | Killed Robin
  1863 | D:3      | Reached XP level 5. HP: 29/53 MP: 4/4
  1889 | D:3      | Noticed Ijyb
  1897 | D:3      | Noticed Natasha
  1908 | D:2      | HP: 2/79 [Ijyb/+3 club (10)]
  1912 | D:2      | Slain by Ijyb

Illustrated notes

Levels and vault maps discovered:
D:1:      amcnicky_arrival_double_pillar, layout_basic, minmay_surrounded
D:2:      layout_basic, chequers_avenue
D:3:      layout_loops_ring, uniq_ijyb, uniq_natasha, uniq_robin

Skill      XL: |  1  2  3  4 |
---------------+-------------+-----
Axes           | 3 |  3.8
Dodging        | 3 |  3.1
Fighting       | 3 |  3.1

Action                   |  1- 3 |  4- 6 || total
-------------------------+-------+-------++-------
Melee: Hand axe          |   140 |    66 ||   206
       Punch             |     2 |       ||     2
Invok: Berserk           |     1 |     1 ||     2
       Trog's Hand       |     1 |     1 ||     2
Armor: Animal skin       |    45 |    32 ||    77
Dodge: Dodged            |    84 |    64 ||   148

Table legend: (Time is in decaauts)
 A = Elapsed time spent in this place.
 B = Non-inter-level travel time spent in this place.
 C = Inter-level travel time spent in this place.
 D = Time resting spent in this place.
 E = Time spent auto-exploring this place.
 F = Levels seen in this place.
 G = Mean time per level.
                   A        B        C        D        E       F      G
               +--------+--------+--------+--------+--------+-----+--------+
         Total |   1951 |   1817 |    134 |    323 |    932 |   3 |  650.3 |
       Dungeon |   1951 |   1817 |    134 |    323 |    932 |   3 |  650.3 |
               +--------+--------+--------+--------+--------+-----+--------+

Top non-repeatable levels by time:
     D:1: 999 daAuts
     D:2: 873 daAuts
     D:3: 78 daAuts
